 Dungeon Crawl Stone Soup version 0.17-a0-1571-g3ed2ab2 (webtiles) character file.

1000 JohnySteed the Chopper (level 8, -2/70 HPs)
             Began as a Hill Orc Fighter on July 24, 2015.
             Slain by a wyvern (12 damage)
             ... on level 6 of the Dungeon.
             The game lasted 00:13:09 (3556 turns).

JohnySteed the Chopper (Hill Orc Fighter)           Turns: 3556, Time: 00:13:09

Health: -2/70      AC: 16    Str: 21    XL:     8   Next: 19%
Magic:  17/17      EV:  6    Int:  8    God:
Gold:   221        SH: 10    Dex: 10    Spells: 0 memorised, 7 levels left

rFire  . . .     SeeInvis .     a - +0 war axe
rCold  . . .     Clarity  .     p - +0 chain mail
rNeg   . . .     SustAt   .     c - +0 shield
rPois  .         Gourm    .     s - +0 helmet
rElec  .         Spirit   .     w - +0 cloak
rCorr  .         Warding  .     r - +0 pair of gloves
rMut   .         Stasis   .     j - +1 pair of boots
MR     .....                    l - amulet of inaccuracy
Stlth  ..........               (no ring)
                                x - ring of magical power

@: not resistant to hostile enchantments, extremely unstealthy
A: no striking features
a: no special abilities


You were on level 6 of the Dungeon.
You were very hungry.

You visited 1 branch of the dungeon, and saw 6 of its levels.

You collected 221 gold pieces.

Inventory:

Hand weapons
 a - a +0 war axe (weapon)
Armour
 c - a +0 shield (worn)
 j - a +1 pair of boots (worn)
 p - a +0 chain mail (worn)
 r - a +0 pair of gloves (worn)
 s - a +0 helmet (worn)
 w - a +0 cloak (worn)
Jewellery
 l - an amulet of inaccuracy (around neck)
 o - an uncursed amulet of guardian spirit
 x - a ring of magical power (left hand)
Magical devices
 b - a wand of enslavement (15)
Scrolls
 h - a scroll of amnesia
 k - a scroll of identify
 n - a scroll of teleportation
 q - a scroll of fear
Potions
 d - 4 potions of might
 f - a potion of resistance {unknown}
 g - 3 potions of curing {unknown}
 m - a potion of invisibility {unknown}
 t - 2 potions of heal wounds {unknown}
Comestibles
 e - 2 bread rations
 z - a meat ration


   Skills:
 + Level 5.7 Fighting
 + Level 7.2 Axes
 + Level 5.9 Armour
 + Level 6.3 Shields


You had 7 spell levels left.
You didn't know any spells.

Dungeon Overview and Level Annotations

Branches:
Dungeon (6/15)
 Temple: D:4-7

Altars:
Makhleb
Nemelex Xobeh
Trog
Xom

Annotations:
D:5 Menkaure


Message History

The wyvern is almost dead.
The wyvern bites you but does no damage.
You closely miss the wyvern.
The wyvern is almost dead.
The wyvern bites you. The wyvern bites you!
You closely miss the wyvern.
The wyvern is almost dead.
The wyvern bites you but does no damage. x2
Your shield and chain mail prevent you from hitting the wyvern.
The wyvern is almost dead.
The wyvern bites you! The wyvern barely misses you.
You barely miss the wyvern.
The wyvern is almost dead.
The wyvern completely misses you.
You closely miss the wyvern.
The wyvern is almost dead.
The wyvern bites you!
* * * LOW HITPOINT WARNING * * *
The wyvern bites you!
You die...

#.########
#......#...
#.####.#.#.
#.# #.#.#. #.#
#.#.#.
############.#
#.....
#.........)#.#
#.....
#............#
##.....
#.?..@.....###
#......
#...l......#
#.###..
#..........#
#. #..
#..........'..
#. #..
#..........###
#. #..
#..........#
#..
............#
#..
...##########
#.. ###


You could see a wyvern.

Vanquished Creatures
  The ghost of FIQ the Spear-Bearer, an experienced MfWn of Gozag (D:6)
  An ogre (D:5)
  A giant frog (D:6)
  A scorpion (D:4)
  2 crimson imps
  An orc priest (D:6)
  Natasha (D:2)
  4 worker ants
  2 orc wizards
  A worker ant zombie (D:5)
  2 adders (D:2)
  2 worms (D:2)
  3 giant geckos
  6 orcs
  3 ball pythons
  5 giant cockroaches
  8 goblins
  10 hobgoblins
  2 quokkas
  7 bats
  4 giant newts
  2 jackals (D:1)
  11 kobolds
  12 rats
92 creatures vanquished.

Notes
Turn   | Place    | Note
--------------------------------------------------------------
     0 | D:1      | JohnySteed the Hill Orc Fighter began the quest for the Orb.
     0 | D:1      | Reached XP level 1. HP: 19/19 MP: 1/1
   149 | D:1      | Reached XP level 2. HP: 20/27 MP: 2/2
   384 | D:1      | Reached XP level 3. HP: 33/33 MP: 3/3
   791 | D:2      | Reached skill level 4 in Shields
   914 | D:2      | Reached XP level 4. HP: 29/40 MP: 4/4
  1018 | D:2      | Found a bloodstained altar of Trog.
  1102 | D:2      | Found a burning altar of Makhleb.
  1230 | D:2      | Noticed Natasha
  1238 | D:2      | Killed Natasha
  1238 | D:2      | Reached XP level 5. HP: 31/46 MP: 5/5
  2692 | D:4      | Reached skill level 5 in Shields
  2692 | D:4      | Reached XP level 6. HP: 36/53 MP: 6/6
  2812 | D:4      | Found a shimmering altar of Xom.
  2842 | D:4      | You fall through a shaft!
  2842 | D:5      | Entered Level 5 of the Dungeon
  2998 | D:5      | Reached skill level 5 in Axes
  2998 | D:5      | Reached skill level 5 in Armour
  3096 | D:5      | Noticed Menkaure
  3136 | D:6      | Reached XP level 7. HP: 16/60 MP: 7/7
  3222 | D:6      | Found a sparkling altar of Nemelex Xobeh.
  3443 | D:6      | Reached skill level 5 in Fighting
  3445 | D:6      | Noticed FIQ's ghost (experienced MfWn)
  3489 | D:6      | Killed FIQ's ghost
  3489 | D:6      | Reached skill level 7 in Axes
  3489 | D:6      | Reached XP level 8. HP: 46/69 MP: 8/8
  3507 | D:6      | Noticed a wyvern
  3556 | D:6      | Slain by a wyvern

Vault maps used:
D:1:      lightli_arrival_maybe_door_vault
D:2:      makhleb_grotto_becter, overflow_temple_1_default, uniq_natasha
D:4:      kennysheep_little_box, lemuel_zombie_altar_yredelemnul, serial_glass,
          glass_columns_a, glass_columns_c, first_bread, uniq_crazy_yiuf_cottage
D:5:      uniq_menkaure, uniq_edmund
D:6:      led_sif_pool, nemelex_altar_shiori

Action                   |  1- 3 |  4- 6 |  7- 9 || total
-------------------------+-------+-------+-------++-------
Melee: War axe           |   125 |   213 |    91 ||   429
  Use: Scroll            |       |       |     8 ||     8
  Eat: Chunk             |       |     3 |     1 ||     4
       Bread ration      |       |     1 |       ||     1
